 Dungeon Crawl Stone Soup version 0.21.1-1-g345015f (webtiles) character file.

47 keltmir the Grave Robber (level 3, -1/24 HPs)
             Began as a Demonspawn Necromancer on Mar 20, 2018.
             Killed from afar by Ijyb (7 damage)
             ... with a wand of flame (16)
             ... on level 3 of the Dungeon.
             The game lasted 00:15:18 (1871 turns).

keltmir the Grave Robber (Demonspawn Necromancer)   Turns: 1871, Time: 00:15:18

Health: -1/24      AC:  7    Str:  8    XL:     3   Next: 48%
Magic:  0/6        EV: 12    Int: 17    God:
Gold:   69         SH:  0    Dex: 13    Spells: 5/7 levels left

rFire    . . .     SeeInvis .   (no weapon)
rCold    . . .     Gourm    .   (no shield)
rNeg     . . .     Faith    .   e - +0 steam dragon scales
rPois    .         Spirit   .   (no helmet)
rElec    .         Reflect  .   (no cloak)
rCorr    .         Harm     .   (no gloves)
MR       .....                  (no boots)
Stlth    ++........             (no amulet)
HPRegen  0.08/turn              (no ring)
MPRegen  0.10/turn              (no ring)

@: no status effects
A: claws 1, molten scales 1
a: no special abilities


You were on level 3 of the Dungeon.
You were not hungry.

You visited 1 branch of the dungeon, and saw 3 of its levels.

You collected 69 gold pieces.

Inventory:

Missiles
 g - 33 poisoned needles
Armour
 a - a +0 robe
 e - +0 steam dragon scales (worn)
Scrolls
 d - a scroll of teleportation
Potions
 f - a potion of agility
 h - a potion of heal wounds {unknown}
 j - a potion of lignification
 k - a potion of haste {unknown}
 l - 2 potions of curing
Books
 b - a book of Necromancy

   Spells                             Type                      Level
   a - Pain                           Necromancy                   1
   b - Animate Skeleton               Necromancy                   1
   c - Vampiric Draining              Necromancy                   3
   d - Regeneration                   Charms/Necromancy            3
   e - Animate Dead                   Necromancy                   4
   f - Borgnjor's Vile Clutch         Necromancy/Earth             5
Comestibles
 c - 5 rations


   Skills:
 - Level 1.7 Dodging
 - Level 1.8 Stealth
 + Level 2.5 Spellcasting
 * Level 5.4 Necromancy


You had 5 spell levels left.
You knew the following spells:

 Your Spells              Type           Power        Failure   Level  Hunger
a - Pain                  Necr           ###.         1%          1    #......
b - Animate Skeleton      Necr           N/A          1%          1    #......


Dungeon Overview and Level Annotations

Branches:
Dungeon (3/15)

Altars:
Ashenzari
Uskayaw
The Shining One

Annotations:
D:3 Ijyb


Innate Abilities, Weirdness & Mutations

You have sharp fingernails.
You are partially covered in molten scales. (AC +2)


Message History

Ijyb screams, "No!
No, no, no, no!"
Casting: Pain
Confirm with . or Enter, or press ? or * to list all spells.
Aiming: Pain
Press: ? - help, Shift-Dir - straight line, f/p - Ijyb
Aim: Ijyb, wielding a club, wearing a chain mail and carrying a wand of flame (17) (heavily wounded, chance to defeat MR: 85%) Ijyb writhes in agony!
Ijyb zaps a wand.
The puff of flame hits you!
Casting: Pain
Confirm with . or Enter, or press ? or * to list all spells.
Aiming: Pain
Press: ? - help, Shift-Dir - straight line, f/p - Ijyb
Aim: Ijyb, wielding a club, wearing a chain mail and carrying a wand of flame (16) (severely wounded, chance to defeat MR: 85%) Ijyb writhes in agony!
Ijyb barely misses you.
Casting: Pain
Confirm with . or Enter, or press ? or * to list all spells.
Aiming: Pain
Press: ? - help, Shift-Dir - straight line, f/p - Ijyb
Aim: Ijyb, wielding a club, wearing a chain mail and carrying a wand of flame (16) (severely wounded, chance to defeat MR: 85%) Ijyb writhes in agony!
Ijyb zaps a wand.
The puff of flame hits you!
You die...

#. #. # # #.
#.##.#. .....#.
..#....
....#..########..#
##..g@<......#
....#.†#########.#
....... .......
......# .#..#.
.g.### ....#.


You could see Ijyb.

Vanquished Creatures
  2 adders (D:2)
  A dart slug (D:1)
  A ball python (D:1)
  4 bats
  A giant cockroach (D:2)
  2 goblins
  2 hobgoblins (D:2)
  3 jackals (D:1)
  2 kobolds
  5 frilled lizards
  5 rats
28 creatures vanquished.

Notes
Turn   | Place    | Note
-------+----------+-------------------------------------------
     0 | D:1      | keltmir the Demonspawn Necromancer began the quest for the Orb.
     0 | D:1      | Reached XP level 1. HP: 13/13 MP: 3/3
    19 | D:1      | Learned a level 1 spell: Animate Skeleton
   132 | D:1      | Found a glowing golden altar of the Shining One.
   302 | D:1      | Gained mutation: You are partially covered in molten scales. (AC +2) [demonic ancestry]
   302 | D:1      | Reached XP level 2. HP: 19/19 MP: 3/5
   716 | D:1      | Reached skill level 5 in Necromancy
   846 | D:2      | Noticed a dagger
   846 | D:2      | Noticed a hand axe
   897 | D:2      | Noticed a necrophage
   899 | D:2      | Found a hide-covered altar of Uskayaw.
  1127 | D:2      | Gained mutation: You have sharp fingernails. [demonic ancestry]
  1127 | D:2      | Reached XP level 3. HP: 21/24 MP: 1/6
  1228 | D:2      | Found a shattered altar of Ashenzari.
  1858 | D:3      | Noticed Ijyb
  1871 | D:3      | Killed from afar by Ijyb

Skill      XL: |  1  2 |
---------------+-------+-----
Necromancy     | 5 |  5.4
Dodging        | |  1.7
Stealth        | |  1.8
Spellcasting   | |  2.5

Action                   || total
-------------------------++-------
 Cast: Pain              ||    47
       Animate Skeleton  ||     1
  Use: Scroll            ||     6
  Eat: Chunk             ||     3
Armor: Robe              ||     4
       Steam dragon scal ||     1
Dodge: Dodged            ||     6
